 Dungeon Crawl Stone Soup version 0.29-a0-495-g17b79114eb (webtiles) character file.

Game seed: 14717402740488394215

129 fingers the Cudgeller (level 4, -1/41 HPs)
             Began as a Minotaur Monk on May 27, 2022.
             Slain by a gnoll
             ... wielding a +0 club
              (5 damage)
             ... on level 3 of the Dungeon.
             The game lasted 00:06:52 (2174 turns).

fingers the Cudgeller (Minotaur Monk)               Turns: 2174, Time: 00:06:52

Health: -1/41      AC: 13    Str: 14 (17) XL:     4   Next: 88%
Magic:  3/3        EV:  4    Int:  6 (7)  God:
Gold:   165        SH:  0    Dex: 12 (13) Spells: 3/3 levels left

rFire   . . .      SeeInvis .   b - +0 flail
rCold   . . .      Faith    .   (no shield)
rNeg    . . .      Spirit   .   c - +1 plate armour
rPois   .          Reflect  .   (helmet restricted)
rElec   .          Harm     .   m - +0 cloak
rCorr   .          Rampage  .   (no gloves)
Will    +....                   h - +0 pair of boots
Stlth   ..........              (no amulet)
HPRegen 0.13/turn               j - ring of willpower
MPRegen 0.08/turn               (no ring)

@: no status effects
A: horns 2, retaliatory headbutt
a: no special abilities


You were on level 3 of the Dungeon.
You visited 1 branch of the dungeon, and saw 4 of its levels.

You collected 165 gold pieces.

Inventory:

Hand Weapons
 b - a +0 flail (weapon)
Armour
 c - a +1 plate armour (worn)
 h - a +0 pair of boots (worn)
 m - a +0 cloak (worn)
Jewellery
 j - a ring of willpower (left hand)
Scrolls
 f - a scroll of poison {unknown}
 g - 4 scrolls of enchant armour
 l - 2 scrolls of identify {unknown}
 n - a scroll of torment {unknown}
Potions
 a - a potion of brilliance {unknown}
 d - 2 potions of lignification {unknown}
 i - a potion of degeneration
 k - a potion of might {unknown}


   Skills:
 + Level 4.6 Fighting
 + Level 4.8 Maces & Flails
 + Level 1.1 Armour
 + Level 4.3 Dodging
 + Level 2.0 Stealth


You had 3 spell levels left.
You didn't know any spells.
Your spell library contained the following spells:

 Spells                   Type           Power      Damage    Failure   Level
 Sublimation of Blood     Necr           0%         N/A       100%        2
 Wereblood                Tmut           0%         N/A       100%        2
 Summon Hydra             Summ           0%         N/A       100%        7


Dungeon Overview and Level Annotations

Branches:
Dungeon (4/15)
 Temple: D:4-7

Altars:
Hepliaklqana


Innate Abilities, Weirdness & Mutations

You have a pair of horns on your head.
You reflexively headbutt those who attack you in melee.


Message History

The hobgoblin barely misses you. The gnoll hits you with a +0 halberd.
You hit the gnoll. Your headbutt misses the gnoll.
The gnoll is severely wounded.
The hobgoblin barely misses you. The gnoll hits you with a +0 club.
The gnoll barely misses you. The gnoll hits you with a +0 flail.
The hobgoblin barely misses you. You furiously retaliate!
You headbutt the hobgoblin. The gnoll barely misses you.
You furiously retaliate!
You headbutt the gnoll!
You kill the gnoll!
The gnoll hits you but does no damage. The gnoll closely misses you.
Your Stealth skill increases to level 2!
You barely miss the gnoll.
The gnoll is severely wounded.
The gnoll hits you with a +0 club.
The hobgoblin hits you but does no damage.
The gnoll hits you with a +0 halberd.
* * * LOW HITPOINT WARNING * * *
You closely miss the gnoll.
The gnoll is severely wounded.
The hobgoblin hits you but does no damage.
The gnoll closely misses you. The gnoll hits you with a +0 halberd.
* * * LOW HITPOINT WARNING * * *
You barely miss the gnoll. You headbutt the gnoll.
You kill the gnoll!
The hobgoblin hits you.
* * * LOW HITPOINT WARNING * * *
The gnoll hits you but does no damage.
Your Armour skill increases to level 1!
It was a potion of degeneration.
There was something very wrong with that liquid.
You feel weakened.
You feel dopey.
You feel clumsy. The hobgoblin hits you.
* * * LOW HITPOINT WARNING * * *
The gnoll hits you but does no damage. The hobgoblin attacks as you move away!
The hobgoblin hits you.
* * * LOW HITPOINT WARNING * * *
There is an empty arch of ancient stone here.
The gnoll attacks as you move away! The gnoll hits you but does no damage.
The gnoll attacks as you move away! The gnoll hits you with a +0 club.
You die...

.............#
.............#.#
8..8........∩#.#
.............#.#
...............#
∩..♣:....∩..∩..#
...............#
.......@gS.)...#
∩..♣..♣.g∩.)_..#
## ####)##..#
#.....# ####..#
#..##
##########...#
...........#.#
#########....#


You could see a gnoll, a hobgoblin and a ball python.

Vanquished Creatures
  Robin (D:2)
  3 gnolls (D:3)
  2 adders
  2 worms (D:3)
  2 dart slugs (D:3)
  3 orcs (D:3)
  2 ball pythons
  8 endoplasms
  A giant cockroach (D:1)
  12 goblins
  3 hobgoblins
  3 jackals (D:2)
  2 kobolds (D:2)
  A quokka (D:3)
  8 bats
  2 frilled lizards
  3 rats
58 creatures vanquished.

Notes
Turn   | Place    | Note
-------+----------+-------------------------------------------
     0 | D:1      | fingers the Minotaur Monk began the quest for the Orb.
     0 | D:1      | Reached XP level 1. HP: 19/19 MP: 0/0
   174 | D:1      | Reached XP level 2. HP: 27/27 MP: 1/1
   919 | D:2      | Reached XP level 3. HP: 29/33 MP: 2/2
  1192 | D:2      | Noticed Robin
  1229 | D:2      | Killed Robin
  1473 | D:2      | You fall into a shaft and drop 2 floors!
  1676 | D:3      | Reached XP level 4. HP: 40/40 MP: 3/3
  1779 | D:3      | Found a hazy altar of Hepliaklqana.
  2124 | D:3      | Found a faded altar of an unknown god.
  2156 | D:3      | HP: 1/41 [gnoll/+0 flail (9)]
  2169 | D:3      | Reached skill level 1 in Armour
  2174 | D:3      | Slain by a gnoll

Illustrated notes

Levels and vault maps discovered:
D:1:      dpeg_arrival_line_fractal, layout_basic
D:2:      layout_basic, dreamdust_princess_bridge, uniq_robin
D:3:      layout_loops_ring, mainiacjoe_overflow_concentric_impassable,
          gammafunk_ghost_stat_death, hellmonk_ecumenical_altar_arch_garden
D:4:      layout_rooms, nicolae_ru_sacrificial_ziggurat, serial_shops, shop,
          interstate_on_off

Skill      XL: |  1  2  3  4 |
---------------+-------------+-----
Maces & Flails | 4 |  4.8
Fighting       | 4 |  4.6
Dodging        | 4 |  4.3
Stealth        | 2 |  2.0
Armour         | 1 |  1.1

Action                   |  1- 3 |  4- 6 || total
-------------------------+-------+-------++-------
Melee: Mace              |    70 |    22 ||    92
       Headbutt          |    15 |     8 ||    23
       Flail             |       |    21 ||    21
  Use: Potion            |     1 |     5 ||     6
       Scroll            |       |     1 ||     1
 Stab: Sleeping          |     1 |       ||     1
Armor: Robe              |    36 |       ||    36
       Plate armour      |     8 |    95 ||   103
Dodge: Dodged            |    94 |    33 ||   127

Table legend: (Time is in decaauts)
 A = Elapsed time spent in this place.
 B = Non-inter-level travel time spent in this place.
 C = Inter-level travel time spent in this place.
 D = Time resting spent in this place.
 E = Time spent auto-exploring this place.
 F = Levels seen in this place.
 G = Mean time per level.
                   A        B        C        D        E       F      G
               +--------+--------+--------+--------+--------+-----+--------+
         Total |   2193 |   2186 |      7 |    279 |    941 |   4 |  548.2 |
       Dungeon |   2193 |   2186 |      7 |    279 |    941 |   4 |  548.2 |
               +--------+--------+--------+--------+--------+-----+--------+

Top non-repeatable levels by time:
     D:2: 769 daAuts
     D:1: 714 daAuts
     D:3: 646 daAuts
     D:4: 62 daAuts
